 Dungeon Crawl Stone Soup version 0.28-a0-863-g8cecda6153 (webtiles) character file.

Game seed: 9624504239503031088

4 dracfodder the Skirmisher (level 1, 0/14 HPs)
             Began as a Gargoyle Berserker on Nov 20, 2021.
             Was a Follower of Trog.
             Slain by a hobgoblin (4 damage)
             ... on level 1 of the Dungeon.
             The game lasted 00:01:04 (260 turns).

dracfodder the Skirmisher (Gargoyle Berserker)       Turns: 260, Time: 00:01:04

Health: 0/14       AC: 13    Str: 20    XL:     1   Next: 70%
Magic:  1/1        EV:  6    Int:  7    God:    Trog [*.....]
Gold:   0          SH:  0    Dex:  9    Spells: 0/0 levels left

rFire   . . .      SeeInvis .   a - +0 mace
rCold   . . .      Faith    .   (no shield)
rNeg    + . .      Spirit   .   c - +0 plate armour
rPois   ∞          Reflect  .   (no helmet)
rElec   +          Harm     .   (no cloak)
rCorr   .          Rampage  .   (no gloves)
Will    .....                   (no boots)
Stlth   ..........              (no amulet)
HPRegen 0.04/turn               (no ring)
MPRegen 0.07/turn               (no ring)

@: no status effects
A: sickness immunity, AC +2, negative energy resistance 1, electricity
resistance, torment resistance 1, petrification resistance
a: Renounce Religion, Berserk


You were on level 1 of the Dungeon.
You worshipped Trog.
Trog was aware of your devotion.
You visited 1 branch of the dungeon, and saw 2 of its levels.

Inventory:

Hand Weapons
 a - a +0 mace (weapon)
Missiles
 b - 16 sling bullets
Armour
 c - a +0 plate armour (worn)


   Skills:
 + Level 3.4 Fighting
 + Level 3.1 Maces & Flails
 + Level 2.2 Armour
 + Level 1.6 Dodging


You couldn't memorise any spells.
You didn't know any spells.
Your spell library was empty.

Dungeon Overview and Level Annotations

Branches:
Dungeon (2/15)

Altars:


Innate Abilities, Weirdness & Mutations

You are immune to sickness and miasma.
Your stone body is resilient. (AC +2)
You are immune to poison.
You resist negative energy. (rN+)
You are resistant to electric shocks. (rElec)
You are resistant to unholy torment.
You are immune to petrification.


Message History

Trog accepts your kill.
No target in view!
You see here a +0 dagger.
Found a stone staircase leading down.
Found a chain mail.
A hobgoblin comes into view.
The hobgoblin shouts!
An endoplasm and a giant cockroach come into view.
The endoplasm quivers.
A rat comes into view.
A rat comes into view.
The hobgoblin hits you.
You hit the giant cockroach but do no damage.
The giant cockroach bites you but does no damage.
The hobgoblin hits you but does no damage.
The endoplasm hits you but does no damage.
You hit the giant cockroach.
The giant cockroach is severely wounded.
The giant cockroach bites you but does no damage.
The hobgoblin hits you but does no damage.
The endoplasm hits you but does no damage.
The giant cockroach barely misses you.
You barely miss the giant cockroach.
The giant cockroach is severely wounded.
The hobgoblin hits you but does no damage.
The endoplasm jiggles.
The endoplasm hits you but does no damage.
The giant cockroach bites you.
You closely miss the giant cockroach.
The giant cockroach is severely wounded.
The hobgoblin closely misses you.
The giant cockroach bites you but does no damage.
The endoplasm freezes you.
You are frozen.
The hobgoblin closely misses you.
The giant cockroach bites you but does no damage.
The endoplasm freezes you.
You are frozen.
* * * LOW HITPOINT WARNING * * *
The rat bites you but does no damage. The hobgoblin hits you.
You die...

####### #......# #
#......#######.....# #
#......#...........# #
##..[...............# #
.................)..# ##
..............†##.#####.
.......#.......##.#...#.
......gB..#######.#.#...
.....rJ@### #.....#.#.
..###.r....# #.....#.##
#...##.# #.....#.. ###.#
# #....#### ..# #....#
### ##.... #.##. #. .


You could see an endoplasm, a giant cockroach, a hobgoblin and 2 rats.

Vanquished Creatures
  A goblin (D:1)
  2 hobgoblins (D:1)
  A bat (D:1)
4 creatures vanquished.

Notes
Turn   | Place    | Note
-------+----------+-------------------------------------------
     0 | D:1      | dracfodder the Gargoyle Berserker began the quest for the
                  | Orb.
     0 | D:1      | Reached XP level 1. HP: 14/14 MP: 1/1
   260 | D:1      | Slain by a hobgoblin

Illustrated notes

Levels and vault maps discovered:
D:1:      psy_arrival_spokes, layout_basic, ebering_ecumenical_altar_mist
D:2:      layout_loops_ring, uniq_sigmund, uniq_terence

Action                   || total
-------------------------++-------
Melee: Mace              ||    19
Armor: Plate armour      ||    20
Dodge: Dodged            ||     9

Table legend: (Time is in decaauts)
 A = Elapsed time spent in this place.
 B = Non-inter-level travel time spent in this place.
 C = Inter-level travel time spent in this place.
 D = Time resting spent in this place.
 E = Time spent auto-exploring this place.
 F = Levels seen in this place.
 G = Mean time per level.
                   A        B        C        D        E       F      G
               +--------+--------+--------+--------+--------+-----+--------+
         Total |    265 |    265 |      0 |      0 |    196 |   2 |  132.5 |
       Dungeon |    265 |    265 |      0 |      0 |    196 |   2 |  132.5 |
               +--------+--------+--------+--------+--------+-----+--------+

Top non-repeatable levels by time:
     D:1: 261 daAuts
     D:2: 4 daAuts
